[Event "Titled Tuesday Blitz April 12 Late 2022"]
[White "Korchmar, Vasiliy"]
[Black "Mortazavi, Ali"]
[WhiteFideId "24131750"]
[BlackFideId "401323"]
[WhiteElo "2370"]
[BlackElo "2339"]
[Result "1-0"]
[Round "05"]
[TimeControl "180+1"]
[Date "2022.04.12"]
[WhiteClock "0:00:09"]
[BlackClock "0:00:13"]

1. d4 Nf6 2. Bf4 d6 3. Nc3 Nbd7 4. Nf3 c5 5. d5 b5 6. Nxb5 Qa5+ 7. Nc3 Ne4 8. Qd3 Ndf6 9. Qb5+ Qxb5 10. Nxb5 Kd8 11. e3 a6 12. Na3 Nxd5 13. Bg3 g6 14. O-O-O Ndf6 15. Nc4 Bg7 16. Nfe5 Ke8 17. Nc6 Nxg3 18. hxg3 Bd7 19. N6a5 Rb8 20. Be2 Ne4 21. Rhf1 Be6 22. Bf3 f5 23. c3 Kf7 24. Bxe4 fxe4 25. Nd2 Bxa2 26. Nxe4 Rb5 27. Nc6 Rb6 28. Na5 Rhb8 29. Rd2 h6 30. f4 Be6 31. g4 Bxg4 32. Ng3 e6 33. Ne4 Ke7 34. Nf2 Bxc3 35. Rc2 Bxa5 36. Nxg4 Rb3 37. Nxh6 Rxe3 38. Rh1 Bb4 39. Ng4 d5 40. Rh7+ Kd6 41. Nxe3 c4 42. Ng4 Rf8 43. g3 g5 44. Rf2 Bc5 45. Rf1 d4 46. Ne5 Kd5 47. Rd7+ Ke4 48. Re1+ Kf5 49. Rf7+ Rxf7 50. Nxf7 gxf4 51. gxf4 d3 52. Re5+ Kxf4 53. Rxc5 Ke3 54. Rxc4 Ke2 55. Re4+ Kf3 56. Rxe6 a5 57. Kd2 1-0


[Site "https://www.chess.com"]

[Event "Titled Tuesday Blitz April 12 Late 2022"]
[White "Kosteniuk, Alexandra"]
[Black "Rasulov, Vugar"]
[WhiteFideId "4128125"]
[BlackFideId "13402390"]
[WhiteElo "2469"]
[BlackElo "2560"]
[Result "1-0"]
[Round "05"]
[TimeControl "180+1"]
[Date "2022.04.12"]
[WhiteClock "0:00:15"]
[BlackClock "0:00:07"]

1. e4 e5 2. Nf3 Nc6 3. Bc4 Nf6 4. d4 exd4 5. e5 d5 6. Bb5 Ne4 7. Nxd4 Bd7 8. Bxc6 bxc6 9. O-O Bc5 10. f3 Ng5 11. f4 Ne4 12. Be3 Bb6 13. Nd2 Nxd2 14. Qxd2 c5 15. Nf3 d4 16. Bf2 Bc6 17. Qe2 Qd5 18. Rfe1 O-O-O 19. a4 a5 20. c4 dxc3 21. bxc3 Qd3 22. Ng5 Qxe2 23. Rxe2 Rd7 24. f5 Re8 25. Nxh7 Rd5 26. f6 Rg8 27. e6 Be8 28. exf7 Bxf7 29. Re7 Rd7 30. Rae1 Bg6 31. Rxd7 Kxd7 32. Re7+ Kc6 33. f7 Bxh7 34. fxg8=Q Bxg8 35. Rxg7 Bb3 36. Rg4 Bd1 37. Rf4 Kd5 38. h4 c6 39. h5 Bc7 40. Rh4 Bd8 41. c4+ Ke6 42. Rh3 Bxa4 43. h6 Bf6 44. h7 Bh8 45. Bxc5 Bc2 46. Rh6+ Kf5 47. Rxc6 Kg4 48. Rc8 Bxh7 49. Rxh8 Bd3 50. Rd8 Be2 51. Kf2 Bxc4 52. Rd4+ 1-0


[Site "https://www.chess.com"]

[Event "Titled Tuesday Blitz April 12 Late 2022"]
[White "Koutlas, Nikolaos"]
[Black "Akrakan"]
[WhiteFideId "25827138"]
[WhiteElo "1645"]
[BlackElo "2170"]
[Result "1-0"]
[Round "05"]
[TimeControl "180+1"]
[Date "2022.04.13"]
[WhiteClock "0:00:36"]
[BlackClock "0:01:12"]

1. Nf3 c5 2. b3 Nc6 3. Bb2 Nf6 4. g3 e6 5. c4 Be7 6. Bg2 O-O 7. O-O d5 8. cxd5 exd5 9. d4 cxd4 10. Nxd4 Be6 11. Nc3 Rc8 12. Rc1 Qd7 13. Nxe6 fxe6 14. Qd2 d4 15. Nb5 e5 16. Na3 Bb4 17. Qd3 Rcd8 18. Nc4 Qe6 19. Nd2 Bxd2 20. Qxd2 e4 21. Rfd1 d3 22. exd3 exd3 23. Re1 Qf5 24. h3 Nb4 25. Re5 Qd7 26. Qxb4 Nd5 27. Bxd5+ 1-0


[Site "https://www.chess.com"]

[Event "Titled Tuesday Blitz April 12 Late 2022"]
[White "Kovanova, Baira"]
[Black "Goryachkina, Aleksandra"]
[WhiteFideId "4164083"]
[BlackFideId "4147103"]
[WhiteElo "2190"]
[BlackElo "2426"]
[Result "0-1"]
[Round "05"]
[TimeControl "180+1"]
[Date "2022.04.13"]
[WhiteClock "0:00:02"]
[BlackClock "0:00:02"]

1. e4 e6 2. d4 d5 3. Nd2 Be7 4. Ngf3 Nf6 5. e5 Nfd7 6. Bd3 c5 7. c3 Nc6 8. O-O g5 9. dxc5 Ndxe5 10. Nxe5 Nxe5 11. Bb5+ Bd7 12. Bxd7+ Qxd7 13. b4 O-O 14. f4 gxf4 15. Rxf4 Ng6 16. Rf1 e5 17. Ne4 Qe6 18. Ng5 Bxg5 19. Bxg5 f6 20. Bh6 Rf7 21. Qd2 b6 22. Rad1 Rd8 23. cxb6 Qxb6+ 24. Kh1 Qe6 25. Qe3 Kh8 26. Rd2 a6 27. Qc5 Ne7 28. Rdf2 Rg8 29. Be3 f5 30. Qb6 Qd7 31. Bc5 Ng6 32. Qd6 Qxd6 33. Bxd6 e4 34. Bc5 Rc8 35. Rxf5 Rxf5 36. Rxf5 Rd8 37. Rf7 Kg8 38. Ra7 Re8 39. Kg1 Ne5 40. Bd4 Nc4 41. Rg7+ Kf8 42. Rxh7 Re6 43. Ra7 e3 44. Kf1 Rg6 45. g3 Ke8 46. Ke2 Rh6 0-1


[Site "https://www.chess.com"]

[Event "Titled Tuesday Blitz April 12 Late 2022"]
[White "Koziorowicz, Michal"]
[Black "Novikova, Galina"]
[WhiteFideId "21809194"]
[BlackFideId "4157095"]
[WhiteElo "2235"]
[BlackElo "1863"]
[Result "1-0"]
[Round "05"]
[TimeControl "180+1"]
[Date "2022.04.13"]
[WhiteClock "0:00:15"]
[BlackClock "0:00:03"]

1. Nc3 e6 2. f4 f5 3. Nf3 Nf6 4. d3 d6 5. e4 Be7 6. g3 Nc6 7. Bg2 e5 8. O-O O-O 9. fxe5 dxe5 10. exf5 Bxf5 11. Qe2 Bg4 12. Ne4 Nd4 13. Nxf6+ Bxf6 14. Qe4 Bxf3 15. Bxf3 Nxf3+ 16. Rxf3 c6 17. Bd2 Qd5 18. Re1 Qxa2 19. Bc3 Rae8 20. Rf5 h6 21. Qg4 Qd5 22. Re4 Kh8 23. Qg6 Qf7 24. Qg4 Qd5 25. Rh5 b5 26. Qg6 Qf7 27. Qg4 Qd5 28. Kg2 c5 29. Bd2 Re7 30. Kg1 c4 31. Bxh6 gxh6 32. Rxh6+ Rh7 33. Rxh7+ Kxh7 34. Qh5+ Kg8 35. Qf3 Bg7 36. dxc4 bxc4 37. Qe2 Qf7 38. Qxc4 Qxc4 39. Rxc4 Rd8 40. Kf2 Rd2+ 41. Kf3 Rxh2 42. b4 Rh1 43. b5 Rb1 44. Rc8+ Kh7 45. c4 Rb4 46. Ke4 Rb3 47. g4 Kg6 48. Rc7 Bf6 49. Rxa7 Kg5 50. Kd5 Rd3+ 51. Ke6 e4 52. Ra2 e3 53. Re2 Bd4 54. Kd5 Ba7+ 55. Ke4 Rc3 56. Kd5 Rb3 57. Kc6 Rd3 58. b6 Bb8 59. c5 Rc3 60. Kd5 Kf4 61. c6 Kf3 62. Re1 e2 63. g5 Kf2 64. Rxe2+ Kxe2 65. g6 Rg3 66. c7 Rg5+ 67. Ke4 Bxc7 68. bxc7 Rg4+ 69. Kf5 Rc4 70. g7 Rc5+ 71. Ke6 Rc6+ 72. Kd7 Rg6 73. c8=Q Rxg7+ 74. Ke6 Rg3 75. Kf5 Re3 76. Qc4+ Kf3 77. Qd5+ Ke2 78. Kf4 Rd3 79. Qc4 Kd2 80. Qb4+ Rc3 81. Ke4 Kc2 82. Qb5 Kd2 83. Qf1 Kc2 84. Kd4 1-0


[Site "https://www.chess.com"]

[Event "Titled Tuesday Blitz April 12 Late 2022"]
[White "Lashkin, Jegor"]
[Black "Van Foreest, Jorden"]
[WhiteFideId "13907808"]
[BlackFideId "1039784"]
[WhiteElo "2368"]
[BlackElo "2609"]
[Result "1-0"]
[Round "05"]
[TimeControl "180+1"]
[Date "2022.04.12"]
[WhiteClock "0:00:16"]
[BlackClock "0:00:07"]

1. d4 Nf6 2. c4 e6 3. Nf3 b6 4. g3 Ba6 5. b3 c5 6. d5 g6 7. Bb2 Bg7 8. Bg2 exd5 9. cxd5 O-O 10. O-O Re8 11. Re1 d6 12. Nbd2 Nbd7 13. Nc4 Qe7 14. e4 Ng4 15. Bxg7 Kxg7 16. Qc2 Qf6 17. Rad1 b5 18. Na5 b4 19. h3 Nge5 20. Nxe5 Nxe5 21. f4 Nd7 22. h4 Rac8 23. Bh3 Rc7 24. e5 Nxe5 25. fxe5 Rxe5 26. Qf2 Rce7 27. Qxf6+ Kxf6 28. Rxe5 Rxe5 29. Bf1 Bxf1 30. Kxf1 Re3 31. Kf2 Rc3 32. Rd2 Ke7 33. Nc6+ Kf6 34. Nxa7 Ke5 35. Nc6+ Ke4 36. Ne7 f5 37. Nc8 Ke5 38. Nb6 Kf6 39. Re2 f4 40. gxf4 Rd3 41. Re6+ Kf5 42. Rxd6 Kxf4 43. Nc4 h5 44. Rxg6 Rxd5 45. Rg5 Rxg5 46. hxg5 Kxg5 47. Ne5 h4 48. Nd7 h3 49. Kg3 h2 50. Kxh2 Kf4 51. Nxc5 Ke3 52. Na6 Kd4 53. Nxb4 Kc3 54. Nc6 Kb2 55. b4 Kxa2 56. b5 Kb3 57. b6 Ka4 58. b7 Kb5 59. b8=Q+ Ka6 60. Qg3 1-0


[Site "https://www.chess.com"]

[Event "Titled Tuesday Blitz April 12 Late 2022"]
[White "Lin, Dachey"]
[Black "Kamsky, Gata"]
[WhiteFideId "2029650"]
[BlackFideId "2000024"]
[WhiteElo "2313"]
[BlackElo "2645"]
[Result "0-1"]
[Round "05"]
[TimeControl "180+1"]
[Date "2022.04.12"]
[WhiteClock "0:00:17"]
[BlackClock "0:00:23"]

1. Nc3 e5 2. e4 Nf6 3. f4 d5 4. fxe5 Nxe4 5. Qf3 Nxc3 6. dxc3 c6 7. Bf4 Be6 8. Bd3 Nd7 9. Ne2 Qb6 10. O-O-O O-O-O 11. Nd4 g6 12. Rhe1 Bg7 13. Bg3 Rhf8 14. h4 Rde8 15. h5 Qc7 16. Qe3 Kb8 17. c4 Nb6 18. Nxe6 Rxe6 19. cxd5 Nxd5 20. Qd4 Rfe8 21. Bc4 Bxe5 22. Rxe5 Rxe5 23. Bxd5 cxd5 24. Qxd5 Rxd5 25. Bxc7+ Kxc7 26. Rxd5 Re2 27. hxg6 hxg6 28. Rd2 Re1+ 29. Rd1 Rxd1+ 30. Kxd1 f5 31. Kd2 Kd6 32. Kd3 Kc5 33. a3 a5 34. b3 g5 35. c3 b5 36. b4+ axb4 37. axb4+ Kd5 38. c4+ bxc4+ 39. Kc3 f4 40. b5 g4 41. b6 Kc6 42. Kxc4 f3 43. gxf3 g3 0-1


[Site "https://www.chess.com"]

[Event "Titled Tuesday Blitz April 12 Late 2022"]
[White "Maksimovic, Bojan"]
[Black "Sarana, Alexey"]
[WhiteFideId "14408120"]
[BlackFideId "24133795"]
[WhiteElo "2448"]
[BlackElo "2666"]
[Result "1-0"]
[Round "05"]
[TimeControl "180+1"]
[Date "2022.04.12"]
[WhiteClock "0:01:48"]
[BlackClock "0:01:21"]

1. d4 Nf6 2. c4 e6 3. Nf3 d5 4. g3 Bb4+ 5. Bd2 Be7 6. Bg2 c6 7. O-O Nbd7 8. Qc2 b6 9. b3 Bb7 10. Bc3 Rc8 11. Nbd2 c5 12. dxc5 Nxc5 13. Qb2 O-O 14. cxd5 Bxd5 15. Rfd1 Qc7 16. Rac1 Qb7 17. Nh4 Rfd8 18. Bxd5 Rxd5 19. Nc4 Rxd1+ 20. Rxd1 Na4 21. bxa4 Rxc4 22. Nf3 Rxa4 23. Bxf6 gxf6 24. Qb5 Qe4 25. Qe8+ Bf8 26. Rd7 Qg6 27. Rd8 Qb1+ 28. Kg2 Qb4 29. Rd7 1-0


[Site "https://www.chess.com"]

[Event "Titled Tuesday Blitz April 12 Late 2022"]
[White "Maranhao,Jose Renato Ruiz"]
[Black "Prohorov, Olexandr"]
[WhiteFideId "2135175"]
[BlackFideId "14105578"]
[WhiteElo "1970"]
[BlackElo "1993"]
[Result "0-1"]
[Round "05"]
[TimeControl "180+1"]
[Date "2022.04.13"]
[WhiteClock "0:00:02"]
[BlackClock "0:01:34"]

1. e4 c5 2. d4 cxd4 3. c3 dxc3 4. Nxc3 Nc6 5. Nf3 d6 6. Bc4 e6 7. O-O Nf6 8. Qe2 Be7 9. Rd1 Qc7 10. Bg5 O-O 11. Nb5 Qb8 12. Bxf6 gxf6 13. Rac1 a6 14. Nbd4 Nxd4 15. Rxd4 Kh8 16. Bb3 Rg8 17. Rdc4 b5 18. Rc7 Ra7 19. Rxa7 Qxa7 20. Qd3 Bb7 21. Rc7 Re8 22. Rxe7 Rxe7 23. Qxd6 Bxe4 24. Qd8+ Kg7 25. Nh4 Qd7 26. Qxd7 Rxd7 27. f3 Bd5 28. Bc2 Bxa2 29. Bb3 Bxb3 0-1


[Site "https://www.chess.com"]

[Event "Titled Tuesday Blitz April 12 Late 2022"]
[White "Martinez Alcantara, Jose Eduardo"]
[Black "Mikhailov, Viacheslav"]
[WhiteFideId "3805662"]
[BlackFideId "4187369"]
[WhiteElo "2690"]
[BlackElo "2381"]
[Result "1-0"]
[Round "05"]
[TimeControl "180+1"]
[Date "2022.04.12"]
[WhiteClock "0:00:12"]
[BlackClock "0:00:03"]

1. e4 d6 2. d4 Nf6 3. Nc3 g6 4. g3 Bg7 5. Bg2 O-O 6. Nge2 e5 7. O-O Nc6 8. d5 Ne7 9. h3 c6 10. dxc6 bxc6 11. b3 Bb7 12. Ba3 d5 13. Re1 Re8 14. exd5 cxd5 15. Nb5 Nf5 16. c4 Qb6 17. Nbc3 dxc4 18. Bxb7 Qxb7 19. bxc4 Rad8 20. Qa4 e4 21. Rab1 Qc8 22. Rbd1 e3 23. f3 Nxg3 24. Nxg3 Qxh3 25. Nce2 Nh5 26. Rxd8 Rxd8 27. Qa5 Rd2 28. Qxa7 h6 29. Bd6 Nxg3 30. Bxg3 Rxe2 31. Qb8+ Kh7 32. Rxe2 Qf5 33. Qf4 Qb1+ 34. Re1 Qxa2 35. Qxe3 Qxc4 36. Be5 Bf8 37. Qf4 Bc5+ 38. Kh1 Qe6 39. Kg2 Qa2+ 40. Kh1 Qe6 41. Qg4 f5 42. Qg3 h5 43. Bc3 Qc4 44. Qc7+ Kh6 45. Bg7+ Kg5 46. Qg3+ 1-0


[Site "https://www.chess.com"]

[Event "Titled Tuesday Blitz April 12 Late 2022"]
[White "Martinez Reyes, Pedro Ramon"]
[Black "Abdyzhapar, Asylbek"]
[WhiteFideId "3901807"]
[BlackFideId "13800337"]
[WhiteElo "2410"]
[BlackElo "2331"]
[Result "1-0"]
[Round "05"]
[TimeControl "180+1"]
[Date "2022.04.13"]
[WhiteClock "0:00:20"]
[BlackClock "0:00:12"]

1. Nf3 Nf6 2. c4 g6 3. Nc3 Bg7 4. d4 d6 5. e3 O-O 6. Be2 c5 7. O-O Nbd7 8. d5 a6 9. Qc2 b5 10. cxb5 axb5 11. Bxb5 Ba6 12. Rd1 Bxb5 13. Nxb5 Qb6 14. a4 Rfb8 15. Ra3 Ne8 16. Nd2 Nc7 17. Nc4 Qb7 18. Nxc7 Qxc7 19. Rad3 Ne5 20. Nxe5 Bxe5 21. b3 Rb7 22. Bd2 Rab8 23. Qc4 Qd7 24. Be1 h5 25. a5 Qb5 26. g3 Ra7 27. Rc1 Qa6 28. Qxa6 Rxa6 29. Rc4 Rb5 30. b4 cxb4 31. Bxb4 f5 32. Bd2 Kf7 33. Rc6 Rxd5 34. Rxd5 Rxc6 35. Rb5 Rc2 36. a6 Rc8 37. Rb7 Ra8 38. a7 Ke6 39. f4 Bf6 40. Ba5 Kd5 41. Bb6 Kc6 42. Rb8 Rxa7 43. Bxa7 Kd5 44. Bd4 e5 45. fxe5 dxe5 46. Rb6 Bh8 47. Rb8 Bg7 48. Rd8+ Ke4 49. Ba7 Bh6 50. Kf2 Bg5 51. Rg8 f4 52. exf4 exf4 53. Rxg6 Kf5 54. Ra6 fxg3+ 55. Kxg3 h4+ 56. Kh3 Bf6 57. Bf2 Be5 58. Bxh4 1-0


[Site "https://www.chess.com"]

[Event "Titled Tuesday Blitz April 12 Late 2022"]
[White "Matlakov, Maxim"]
[Black "Gharibyan, Mamikon"]
[WhiteFideId "4168003"]
[BlackFideId "13308300"]
[WhiteElo "2669"]
[BlackElo "2254"]
[Result "1-0"]
[Round "05"]
[TimeControl "180+1"]
[Date "2022.04.12"]
[WhiteClock "0:00:19"]
[BlackClock "0:00:03"]

1. e4 c5 2. Nf3 Nc6 3. d4 cxd4 4. Nxd4 Nf6 5. Nc3 e5 6. Ndb5 d6 7. Bg5 a6 8. Na3 b5 9. Nd5 Be7 10. Bxf6 Bxf6 11. c3 Rb8 12. Nc2 Bg5 13. Be2 O-O 14. O-O Be6 15. Qd3 a5 16. b4 Bxd5 17. Qxd5 Ne7 18. Qd3 d5 19. Rfd1 axb4 20. Nxb4 dxe4 21. Qg3 Bd2 22. Qxe5 Ng6 23. Qxe4 Qg5 24. Qd5 Nf4 25. Qxg5 Nxe2+ 26. Kf1 Bxg5 27. Kxe2 Rfc8 28. Rd3 Rc4 29. Nd5 g6 30. g3 Kg7 31. Rb1 Ra8 32. Rb2 Rc5 33. h4 Bd8 34. Kd2 Ba5 35. Kc2 Rd8 36. Nb4 Rdc8 37. Kb3 Ra8 38. a3 Bd8 39. Rbd2 Be7 40. Rd5 h5 41. Rd7 Bf6 42. Nd5 Be5 43. f4 Bb8 44. Re2 Ra7 45. Ree7 Rxd5 46. Rxa7 Bxa7 47. Rxa7 Rd3 48. Rb7 Rxg3 49. Rxb5 Rg4 50. a4 Rxh4 51. a5 Rh1 52. Kb2 Rh2+ 53. Ka3 h4 54. a6 Rh1 55. Rb2 h3 56. a7 Ra1+ 57. Ra2 h2 58. Rxa1 1-0


[Site "https://www.chess.com"]

[Event "Titled Tuesday Blitz April 12 Late 2022"]
[White "Melkumyan, Hrant"]
[Black "Nakamura, Hikaru"]
[WhiteFideId "13302485"]
[BlackFideId "2016192"]
[WhiteElo "2604"]
[BlackElo "2850"]
[Result "1-0"]
[Round "05"]
[TimeControl "180+1"]
[Date "2022.04.12"]
[WhiteClock "0:00:09"]
[BlackClock "0:00:05"]

1. d4 f5 2. Nc3 Nf6 3. Bg5 d5 4. e3 e6 5. Nf3 Be7 6. Bd3 O-O 7. O-O Nbd7 8. Ne2 c5 9. c4 cxd4 10. Nexd4 Nc5 11. Rc1 Nfe4 12. Bxe7 Qxe7 13. cxd5 exd5 14. Bc2 Rd8 15. b4 Na6 16. a3 Be6 17. Bb3 g6 18. Qd3 Bf7 19. Rfd1 Rd6 20. Nb5 Rdd8 21. Nfd4 Rd7 22. Rc2 Nc7 23. Rdc1 Ne8 24. Nc3 N8f6 25. h3 Rf8 26. Nce2 a6 27. Rc8 Rxc8 28. Rxc8+ Rd8 29. Qc2 Nd6 30. Rc7 Rd7 31. Rxd7 Qxd7 32. Nf4 Nde4 33. Nd3 Qe7 34. Qc8+ Kg7 35. Nf4 Nd6 36. Qc3 Nde4 37. Qb2 Kg8 38. Bc2 Nd6 39. Bd3 Nc4 40. Qc1 b5 41. Nb3 Nd7 42. Ne2 Nde5 43. Bb1 Nd7 44. Ned4 Nde5 45. Nc5 Qf6 46. a4 bxa4 47. Nxa4 Nc6 48. Nxc6 Qxc6 49. Nc3 Qb6 50. Na2 d4 51. exd4 Qxd4 52. Nc3 Ne5 53. Qe1 Bc4 54. Ne2 Qd6 55. Ng3 Bf7 56. Bc2 Nc6 57. Qc3 Nxb4 58. Bb3 Nd5 59. Bxd5 Bxd5 60. Ne2 Bf7 61. Nd4 h6 62. Nf3 Qd1+ 63. Kh2 Qd6+ 64. Ne5 Be8 65. f4 Kf8 66. Qc8 Ke7 67. Qb7+ Kd8 68. Qg7 g5 69. Qg8 Qd2 70. Nf7+ Ke7 71. Nxh6 Qxf4+ 72. Kh1 Qf1+ 73. Kh2 Qf4+ 74. Kh1 Qe5 75. Qxg5+ Kd7 76. Nxf5 a5 77. Qd2+ Kc7 78. Nd4 a4 79. Qc3+ Kb6 80. Qb4+ Kc7 81. Qc3+ Kb7 82. Qb4+ Ka6 83. h4 Qd5 84. Qc3 Bd7 85. Kh2 Qd6+ 86. g3 a3 87. Nc2 a2 88. Nb4+ Qxb4 89. Qxb4 a1=Q 90. Qd6+ Ka5 91. Qxd7 Qb2+ 92. Kh3 Qf2 93. Qd5+ Kb6 94. h5 Qf1+ 95. Kg4 Qe2+ 96. Kg5 Qe3+ 97. Kg4 Qe2+ 98. Qf3 Qc4+ 99. Qf4 Qg8+ 100. Kh4 Kc6 101. h6 Kd7 102. Qg4+ 1-0


[Site "https://www.chess.com"]

[Event "Titled Tuesday Blitz April 12 Late 2022"]
[White "Mikhalsky, Vladimir"]
[Black "Zakhartsov, Vladimir"]
[WhiteFideId "14144352"]
[BlackFideId "4145097"]
[WhiteElo "2301"]
[BlackElo "2491"]
[Result "0-1"]
[Round "05"]
[TimeControl "180+1"]
[Date "2022.04.13"]
[WhiteClock "0:00:39"]
[BlackClock "0:01:59"]

1. c4 Nf6 2. Nc3 e6 3. e4 c5 4. e5 Ng8 5. Nf3 Nc6 6. Bd3 d6 7. exd6 Bxd6 8. Bb1 Nf6 9. O-O O-O 10. Nb5 e5 11. Re1 Bg4 12. h3 Bh5 13. Nxd6 Qxd6 14. b3 Rfe8 15. Bb2 e4 16. Bxf6 exf3 17. Bc3 Nd4 18. Bxd4 Qxd4 19. Re3 Rxe3 20. fxe3 f2+ 21. Kxf2 Qf6+ 0-1


[Site "https://www.chess.com"]

[Event "Titled Tuesday Blitz April 12 Late 2022"]
[White "Moroni, Luca Jr"]
[Black "Minko, Dmitry"]
[WhiteFideId "865834"]
[BlackFideId "24188468"]
[WhiteElo "2573"]
[BlackElo "1928"]
[Result "1-0"]
[Round "05"]
[TimeControl "180+1"]
[Date "2022.04.12"]
[WhiteClock "0:00:58"]
[BlackClock "0:00:01"]

1. d4 d5 2. Bf4 Nf6 3. e3 e6 4. Nf3 c5 5. Nbd2 Nc6 6. c3 Nh5 7. Bg5 Qb6 8. Qb3 h6 9. Bh4 g5 10. Bg3 c4 11. Qxb6 axb6 12. a3 Nxg3 13. hxg3 Bg7 14. O-O-O b5 15. Re1 f5 16. Be2 O-O 17. Bd1 Bd7 18. Nh2 e5 19. f4 exd4 20. exd4 Rae8 21. Nhf3 Rxe1 22. Rxe1 Bf6 23. Ne5 Nxe5 24. dxe5 Be7 25. Nf3 Bc6 26. Nd4 Kh7 27. Bc2 gxf4 28. gxf4 Bh4 29. Rf1 Kg6 30. g4 Kf7 31. Nxf5 Bd8 32. Nxh6+ Kg7 33. Nf5+ Kf7 34. Rh1 d4 35. Rh7+ Ke6 36. Nxd4+ Kd5 37. Bf5 1-0


[Site "https://www.chess.com"]

[Event "Titled Tuesday Blitz April 12 Late 2022"]
[White "Narayanan.S.L"]
[Black "Lewicki, Miroslaw"]
[WhiteFideId "5058422"]
[BlackFideId "1113380"]
[WhiteElo "2494"]
[BlackElo "2283"]
[Result "1-0"]
[Round "05"]
[TimeControl "180+1"]
[Date "2022.04.12"]
[WhiteClock "0:00:28"]
[BlackClock "0:00:01"]

1. Nc3 Nf6 2. d4 g6 3. e4 d6 4. Bg5 Bg7 5. e5 Nfd7 6. f4 h6 7. Bh4 g5 8. Bf2 gxf4 9. e6 fxe6 10. Qh5+ Kf8 11. Nh3 Nf6 12. Qe2 e5 13. dxe5 dxe5 14. Qxe5 Nd5 15. Qe4 Nxc3 16. Qxf4+ Kg8 17. Bc4+ Nd5 18. O-O c6 19. Bd4 Bxd4+ 20. Qxd4 Qb6 21. Rad1 Qxd4+ 22. Rxd4 Kg7 23. Nf4 Nxf4 24. Rdxf4 h5 25. Rf7+ Kh6 26. Rxe7 Nd7 27. Re6+ Kg7 28. Re7+ Kh6 29. Rff7 Rf8 30. Re6+ Kg5 31. h4+ Kxh4 32. Rg7 Nc5 33. Kh2 Rf3 34. Re5 Rf2 35. Rxc5 Rxc2 36. Bf1 Rxb2 37. Bd3 Bh3 38. Bc2 Bxg2 39. Rc4+ Be4 40. Rxe4# 1-0


[Site "https://www.chess.com"]

[Event "Titled Tuesday Blitz April 12 Late 2022"]
[White "Nazaretyan, Tigran"]
[Black "Melikhov, Evgeny V."]
[WhiteFideId "24162345"]
[BlackFideId "4122046"]
[WhiteElo "2225"]
[BlackElo "1931"]
[Result "1-0"]
[Round "05"]
[TimeControl "180+1"]
[Date "2022.04.13"]
[WhiteClock "0:00:16"]
[BlackClock "0:00:06"]

1. d4 Nf6 2. c4 e6 3. Nf3 d5 4. Nc3 Bb4 5. Qa4+ Nc6 6. e3 O-O 7. Bd2 dxc4 8. Bxc4 Bd6 9. Rd1 e5 10. d5 Ne7 11. e4 a6 12. Be2 Ng6 13. O-O h6 14. Rfe1 Nh7 15. h3 f5 16. exf5 Bxf5 17. Ne4 b5 18. Qc2 Nh4 19. Nxh4 Qxh4 20. Bf1 Bxe4 21. Qxe4 Qxf2+ 22. Kh1 Nf6 23. Qg6 Nxd5 24. Bxh6 Qf6 25. Qe4 gxh6 26. Qxd5+ Qf7 27. Qd2 Qf4 28. Qc2 e4 29. Rxd6 cxd6 30. Be2 d5 31. Bg4 Qe5 32. Qc6 1-0


[Site "https://www.chess.com"]

[Event "Titled Tuesday Blitz April 12 Late 2022"]
[White "Noboa Silva, Kevin"]
[Black "Mirzoev, Azer"]
[WhiteFideId "3618471"]
[BlackFideId "13400304"]
[WhiteElo "2172"]
[BlackElo "2525"]
[Result "0-1"]
[Round "05"]
[TimeControl "180+1"]
[Date "2022.04.13"]
[WhiteClock "0:00:01"]
[BlackClock "0:00:13"]

1. d4 Nf6 2. c4 e6 3. Nc3 c5 4. d5 exd5 5. cxd5 d6 6. e4 a6 7. a4 g6 8. h3 Bg7 9. Bd3 O-O 10. Bg5 h6 11. Be3 Nbd7 12. Nf3 Re8 13. O-O Rb8 14. Qd2 Kh7 15. Rfe1 Nh5 16. g4 Nhf6 17. Bf4 Qc7 18. e5 dxe5 19. d6 Qb6 20. Nxe5 Nxe5 21. Bxe5 Be6 22. Qf4 Qb4 23. d7 Nxd7 24. Bxb8 Rxb8 25. Ne4 Qxb2 26. Rab1 Qd4 27. Rbd1 Qe5 28. Qe3 Qc7 29. Bb1 c4 30. g5 h5 31. h4 b5 32. axb5 axb5 33. Qe2 Kg8 34. Qf3 Rb6 35. Nf6+ Nxf6 36. gxf6 Bf8 37. Be4 Rd6 38. Rxd6 Qxd6 39. Qe3 b4 40. Bf3 c3 41. Rd1 Qc5 42. Qe4 c2 43. Rc1 b3 44. Qd3 Qc4 45. Qd8 Qxh4 0-1


[Site "https://www.chess.com"]

[Event "Titled Tuesday Blitz April 12 Late 2022"]
[White "Nozdrachev, Leonid"]
[Black "Kavyev, Ruslan"]
[WhiteFideId "24113433"]
[BlackFideId "34110981"]
[WhiteElo "2242"]
[BlackElo "2182"]
[Result "0-1"]
[Round "05"]
[TimeControl "180+1"]
[Date "2022.04.13"]
[WhiteClock "0:00:02"]
[BlackClock "0:00:19"]

1. e4 c5 2. c3 d5 3. exd5 Qxd5 4. d4 Nc6 5. Nf3 Bf5 6. Be3 cxd4 7. cxd4 Bxb1 8. Qxb1 e6 9. a3 Nf6 10. Bd3 Bd6 11. O-O O-O 12. Bg5 Nxd4 13. Nxd4 Qxg5 14. Nf3 Qf4 15. Rd1 h6 16. Qc1 Rfd8 17. Qxf4 Bxf4 18. g3 Bc7 19. Rac1 Bb6 20. h3 g5 21. Kg2 Kg7 22. Ne5 Rd4 23. Nc4 Rad8 24. Be2 Bc7 25. Bf3 b5 26. Rxd4 Rxd4 27. Ne3 Bb6 28. Rc2 Ne4 29. b3 Nd2 30. Bc6 a6 31. a4 b4 32. Nc4 Nxc4 33. bxc4 Bc5 34. Bb7 a5 35. Bf3 Rd3 36. Be2 Ra3 37. Rd2 b3 38. Rd7 b2 39. Rd1 Rxa4 40. Rb1 Rb4 41. Bd1 Bd4 42. Kf3 a4 43. Ke4 e5 0-1


[Site "https://www.chess.com"]

[Event "Titled Tuesday Blitz April 12 Late 2022"]
[White "O`Gorman, Tom"]
[Black "Babazada, Khazar"]
[WhiteFideId "2508249"]
[BlackFideId "13413554"]
[WhiteElo "2247"]
[BlackElo "2406"]
[Result "1-0"]
[Round "05"]
[TimeControl "180+1"]
[Date "2022.04.12"]
[WhiteClock "0:00:11"]
[BlackClock "0:00:04"]

1. Nf3 Nf6 2. e3 c5 3. c4 g6 4. d4 Bg7 5. Nc3 O-O 6. Be2 cxd4 7. exd4 d5 8. O-O Nc6 9. h3 b6 10. Bg5 dxc4 11. Bxc4 Bb7 12. Re1 e6 13. a3 Ne7 14. Ne5 Rc8 15. Ba2 Nf5 16. d5 exd5 17. Bxf6 Bxf6 18. Nxd5 Bxd5 19. Qxd5 Qxd5 20. Bxd5 Bxe5 21. Rxe5 Rfd8 22. Be4 Nd6 23. Rd1 Kf8 24. Red5 Ke7 25. Bf3 Nc4 26. Re1+ Kf6 27. Rxd8 Rxd8 28. Re2 Rd1+ 29. Kh2 Rd2 30. Rxd2 Nxd2 31. Bd5 b5 32. Kg3 g5 33. f4 h6 34. fxg5+ hxg5 35. Kf2 Nc4 36. Bxc4 bxc4 37. Ke3 Ke5 38. g3 Kd5 39. h4 gxh4 40. gxh4 Ke5 41. Kf3 Kf5 42. Kg3 a5 43. Kf3 a4 44. Kg3 Kg6 45. Kg4 f6 46. Kf4 Kh5 47. Kf5 Kxh4 48. Kxf6 Kg4 49. Ke5 Kf3 50. Kd4 Kf4 51. Kxc4 1-0


[Site "https://www.chess.com"]

[Event "Titled Tuesday Blitz April 12 Late 2022"]
[White "Olcayoz, Alper"]
[Black "Simonovic, Miroslav"]
[WhiteFideId "6300405"]
[BlackFideId "919152"]
[WhiteElo "2255"]
[BlackElo "2043"]
[Result "1-0"]
[Round "05"]
[TimeControl "180+1"]
[Date "2022.04.13"]
[WhiteClock "0:00:11"]
[BlackClock "0:00:01"]

1. d4 Nf6 2. Nc3 c5 3. d5 b5 4. Bg5 b4 5. Bxf6 gxf6 6. Ne4 d6 7. c4 Bf5 8. Ng3 Bg6 9. f4 h5 10. h4 f5 11. Nf3 Bg7 12. Qc2 Qa5 13. Kf2 Nd7 14. Nxf5 Bxf5 15. Qxf5 Bxb2 16. Rd1 Qxa2 17. Ng5 Bd4+ 18. Rxd4 cxd4 19. Qxf7+ Kd8 20. Ne6+ Kc8 21. Qxe7 Qxc4 22. Qxd6 Rg8 23. g3 Qc3 24. Rh3 Nf6 25. Nc5 Ng4+ 26. Kg2 Ne3+ 27. Kg1 Rg7 28. Qf8+ Kc7 29. Qxg7+ Kb6 30. Na4+ Ka5 31. Nxc3 1-0


[Site "https://www.chess.com"]

[Event "Titled Tuesday Blitz April 12 Late 2022"]
[White "Ozdemir, Serhan Berat"]
[Black "Wang, Jalen"]
[WhiteFideId "6374611"]
[BlackFideId "2078058"]
[WhiteElo "1920"]
[BlackElo "2084"]
[Result "0-1"]
[Round "05"]
[TimeControl "180+1"]
[Date "2022.04.13"]
[WhiteClock "0:00:01"]
[BlackClock "0:01:03"]

1. e4 c5 2. Nf3 d6 3. d4 cxd4 4. Nxd4 Nf6 5. Nc3 a6 6. f3 e5 7. Nb3 Be6 8. Be3 Be7 9. Qd2 h5 10. Nd5 Bxd5 11. exd5 Nbd7 12. Na5 Qc7 13. c4 e4 14. Be2 exf3 15. Bxf3 Ne5 16. Be2 Nfg4 17. Bd4 b6 18. Nc6 Nxc6 19. dxc6 Ne5 20. O-O Qxc6 21. Bxe5 dxe5 22. Bf3 Qc5+ 23. Kh1 Rd8 24. Bd5 Bf6 25. Qe2 Qe7 26. Rae1 g6 27. Rxf6 Qxf6 28. Rf1 Qg5 29. Bxf7+ Ke7 30. c5 Rhf8 31. Qc4 Rd4 32. Qe6+ Kd8 33. cxb6 Qe7 34. Qxe7+ Kxe7 35. Bc4 Rxc4 36. Re1 Rb4 37. Rxe5+ Kd6 38. Re1 Rxb2 0-1


[Site "https://www.chess.com"]